 Dungeon Crawl Stone Soup version 0.31-a0-810-ga77100ea1a (webtiles) character file.

Game seed: 15709641476263936997

46 lunkers the Chucker (level 4, 0/35 HPs)
             Began as a Meteoran Wanderer on Sept 21, 2023.
             Killed by nerve-wracking pain
             ... invoked by an orc priest
              (11 damage)
             ... on level 3 of the Dungeon.
             The game lasted 00:01:44 (1137 turns).

lunkers the Chucker (Meteoran Wanderer)             Turns: 1137, Time: 00:01:45

Health: 0/35       AC:  7    Str: 15    XL:     4   Next: 13%
Magic:  5/5        EV: 11    Int: 11    God:
Gold:   24         SH:  0    Dex: 16    Spells: 3/3 levels left

rFire   . . .        b - +1 dagger (venom)
rCold   . . .        (no shield)
rNeg    . . .        m - +0 ring mail
rPois   .            (no helmet)
rElec   .            i - +0 cloak
rCorr   .            d - +0 pair of gloves
SInv    .            (no boots)
Will    .....        (no amulet)
Stlth   +            (no ring)
HPRegen 0.25/turn    (no ring)
MPRegen 0.09/turn

%: no passive effects
@: glowing
A: sense surroundings 1, otherworldly, glowing, explore regen
a: no special abilities


You were on level 3 of the Dungeon.
You visited 1 branch of the dungeon, and saw 3 of its levels.

You collected 24 gold pieces.

Inventory:

Hand Weapons
 a - a +2 dagger
 b - a +1 dagger of venom (weapon)
 c - a +0 hand axe
 o - a +1 short sword of freezing
Missiles
 h - a curare-tipped dart
 p - 2 atropa-tipped darts
Armour
 d - a +0 pair of gloves (worn)
 f - a +0 leather armour
 g - an orb of energy
 i - a +0 cloak (worn)
 m - a +0 ring mail (worn)
Magical Staves
 u - a staff of air
Wands
 s - a wand of charming (9)
Scrolls
 j - a scroll of amnesia {unknown}
 k - a scroll of acquirement {unknown}
 l - a scroll of enchant armour {unknown}
 n - a scroll of teleportation {unknown}
 r - a scroll of torment {unknown}
 t - a scroll of identify {unknown}
Potions
 e - a potion of heal wounds
 q - a potion of might {unknown}


   Skills:
 - Level 1.1 Fighting
 + Level 3.5 Short Blades
 - Level 2.4 Axes
 - Level 6.0 Throwing
 - Level 2.1 Dodging


You had 3 spell levels left.
You didn't know any spells.
Your spell library contained the following spells:

 Spells                   Type           Power      Damage    Failure   Level
 Foxfire                  Conj/Fire      0%         2x1d4     56%         1
 Sublimation of Blood     Necr           0%         N/A       71%         2
 Wereblood                Tmut           0%         N/A       71%         2
 Plasma Beam              Fire/Air       0%         2x1d10    100%        6
 Starburst                Conj/Fire      0%         6d3       100%        6
 Summon Hydra             Summ           0%         N/A       100%        7


Dungeon Overview and Level Annotations

Branches:
Dungeon (3/15) Zot: 680

Altars:
Makhleb
Uskayaw


Innate Abilities, Weirdness & Mutations

You passively map a small area around you.
You are easily found by Zot.
You glow in the dark.
You regain HP and MP as you explore.


Message History

No target in view!
An orc priest comes into view. It is wielding a +0 falchion.
Found 14 gold pieces.
The orc priest shouts!
You hear a shout!
The orc priest invokes the aid of Beogh against you.
Beogh smites you! 2 orcs come into view.
The orc shouts! x2
An orc comes into view. It is wielding a +0 war axe.
The orc shouts!
The orc priest begins to cast a cantrip, but forgets the words!
You barely miss the orc priest.
The orc priest calls down the wrath of Beogh upon you.
Beogh smites you!
* * * LOW HITPOINT WARNING * * *
You are too injured to fight recklessly!
You hit the orc priest.
The orc priest is poisoned.
The orc priest is lightly wounded.
You hit the orc priest but do no damage.
The orc priest looks even sicker.
The orc priest is lightly wounded.
The orc priest calls down the wrath of Beogh upon you.
You struggle to resist.
Unknown command.
You hit the orc priest.
The orc priest looks as sick as possible!
The orc priest is moderately wounded.
The orc priest closely misses you.
Unknown command.
You hit the orc priest.
The orc priest looks as sick as possible!
The orc priest is heavily wounded.
The orc priest hits you with a +0 falchion.
* * * LOW HITPOINT WARNING * * *
You hit the orc priest.
The orc priest looks as sick as possible!
The orc priest is severely wounded.
The orc priest calls down the wrath of Beogh upon you.
Pain shoots through your body!
You die...

##≈§.§≈#≈....... * .
#≈§§§≈#≈###.... * ,
.####⌠#⌠##§<...... ,
...*#####≈≈#.####.
*,#o# ,, ####...... *
,#o#, , #...... #o#
#...... * #o# ##.#...
*, #@# #.#... #.#
#.....
,#.#.#############...
#.........).........
###.########........
.... #.####... #.#.#
* #.# #... ,#.#.# #.#
#... # #.# #.# #...


You could see an orc priest (extremely poisoned) and 3 orcs.

Vanquished Creatures
  An adder (D:3)
  A worm (D:2)
  An orc (D:3)
  2 bats
  4 endoplasms
  A giant cockroach (D:1)
  6 goblins (D:1)
  A hobgoblin (D:1)
  4 jackals (D:1)
  2 kobolds
  4 ball pythons
  2 frilled lizards
  2 rats
31 creatures vanquished.

Notes
Turn   | Place    | Note
-------+----------+-------------------------------------------
     0 | D:1      | lunkers the Meteoran Wanderer began the quest for the Orb.
     0 | D:1      | lunkers set off with the following items: a +2 dagger, a
                  | curare-tipped dart, a +0 hand axe, a +0 pair of gloves, a
                  | potion of heal wounds, a +0 leather armour.
     0 | D:1      | Reached XP level 1. HP: 16/16 MP: 2/2
    62 | D:1      | Reached skill level 1 in Short Blades
    63 | D:1      | Reached XP level 2. HP: 23/23 MP: 3/3
   223 | D:1      | Reached XP level 3. HP: 23/28 MP: 4/4
   507 | D:1      | Glimpsed the power of Zot.
   744 | D:2      | Found a faded altar of an unknown god.
   964 | D:3      | Found a hide-covered altar of Uskayaw.
   976 | D:3      | Reached XP level 4. HP: 35/35 MP: 5/5
  1081 | D:3      | Found a burning altar of Makhleb.
  1137 | D:3      | Killed from afar by an orc priest

Illustrated notes

Levels and vault maps discovered:
D:1:      dpeg_arrival_renting, layout_basic, minmay_hexomino_p4
D:2:      layout_loops_corners, shapermc_ecumenical_altar_flowoftime,
          moated_statue, uniq_robin
D:3:      layout_basic, kennysheep_ying_yang, lightli_temple_of_fire,
          cheibriados_altar_1, lemuel_doored_altar, serial_curves,
          eino_curves_02, eino_curves_01, eino_curves_04, eino_curves_01

Skill      XL: |  1  2  3 |
---------------+----------+-----
Short Blades   | 1 2 3 |  3.5
Fighting       | |  1.1
Axes           | |  2.4
Throwing       | |  6.0
Dodging        | |  2.1

Action                     |  1- 3 |  4- 6 || total
---------------------------+-------+-------++-------
  Melee: Dagger            |   117 |    21 ||   138
         Punch             |     1 |       ||     1
 Armour: Leather armour    |    34 |       ||    34
         Ring mail         |    16 |     9 ||    25
  Dodge: Dodged            |    44 |     7 ||    51

Table legend: (Time is in decaauts)
 A = Elapsed time spent in this place.
 B = Non-inter-level travel time spent in this place.
 C = Inter-level travel time spent in this place.
 D = Time resting spent in this place.
 E = Time spent auto-exploring this place.
 F = Levels seen in this place.
 G = Mean time per level.
                   A        B        C        D        E       F      G
               +--------+--------+--------+--------+--------+-----+--------+
         Total |   1118 |   1118 |      0 |      0 |    815 |   3 |  372.7 |
       Dungeon |   1118 |   1118 |      0 |      0 |    815 |   3 |  372.7 |
               +--------+--------+--------+--------+--------+-----+--------+

Top non-repeatable levels by time:
     D:1: 505 daAuts
     D:2: 434 daAuts
     D:3: 179 daAuts
